 Dungeon Crawl Stone Soup version 0.23.2-1-ga50397a (webtiles) character file.

Game seed: 16392280863013899696

60704 wilfster70 the Severer (level 14, -13/115 HPs)
             Began as a Demonspawn Berserker on Apr 25, 2019.
             Was a High Priest of Trog.
             Killed from afar by an orc sorcerer (17 damage)
             ... with a bolt of negative energy
             ... on level 2 of the Orcish Mines on May 1, 2019.
             The game lasted 01:05:04 (19587 turns).

wilfster70 the Severer (Demonspawn Berserker)      Turns: 19587, Time: 01:05:05

Health: -13/115    AC: 25    Str: 25    XL:     14   Next: 57%
Magic:  4/4        EV:  7    Int:  9    God:    Trog [*****.]
Gold:   2269       SH: 13    Dex: 14    Spells: 13/13 levels left

rFire    . . .     SeeInvis +   a - +7 broad axe (antimagic)
rCold    . . .     Gourm    .   t - +0 shield of the Moon {rCorr}
rNeg     . . .     Faith    .   K - +2 plate armour
rPois    .         Spirit   .   (helmet unavailable)
rElec    .         Reflect  .   o - +0 cloak "Cinwei" {+Inv MR+} (curse)
rCorr    +         Harm     .   r - +1 pair of gloves
MR       ++...                  y - +2 pair of boots of the Assassin {Detection Stab+ Stlth++}
Stlth    +.........             w - amulet of regeneration
HPRegen  0.69/turn              (no ring)
MPRegen  0.09/turn              J - +4 ring of strength

@: lethally poisoned (-13 -> -14), berserk cooldown, slowed, drained, very slow
A: antennae 3, thin metallic scales 2, nightstalker 2, spiny 2
a: Berserk, Trog's Hand, Brothers in Arms, Renounce Religion, Evoke Invisibility


You were on level 2 of the Orcish Mines.
You worshipped Trog.
Trog was extremely pleased with you.
You were very hungry.

You visited 3 branches of the dungeon, and saw 21 of its levels.
You also visited: Sewer, Ossuary and Ice Cave.

You collected 2452 gold pieces.
You spent 183 gold pieces at shops.

Inventory:

Hand Weapons
 a - a +7 antimagic broad axe (weapon)
 b - a +1 hand crossbow of velocity
Armour
 o - the cursed +0 cloak "Cinwei" (worn) {+Inv MR+}
   (You found it on level 5 of the Lair of Beasts)

   It affects your resistance to hostile enchantments.
   It lets you turn invisible.
   It has a curse placed upon it.
 r - a +1 pair of gloves (worn)
 t - the +0 shield of the Moon (worn) {rCorr}
   (You bought it in a shop on level 6 of the Dungeon)

   It provides partial protection from all sources of acid and corrosion.
 y - the +2 pair of boots of the Assassin (worn) {Detection Stab+ Stlth++}
   (You acquired it on level 9 of the Dungeon)

   It makes you much more stealthy.
 K - a +2 plate armour (worn)
 S - +0 ice dragon scales
Jewellery
 w - an amulet of regeneration (around neck)
 J - a +4 ring of strength (right hand)
 O - a +2 ring of dexterity
 Q - an uncursed ring of ice
Wands
 d - a wand of polymorph (1)
 s - a wand of flame (79)
 u - a wand of iceblast (23)
 v - a wand of enslavement (11)
 A - a wand of disintegration (29)
 B - a wand of acid (18)
 L - a wand of random effects (12)
 N - a wand of digging (11)
 P - a wand of clouds (3)
Scrolls
 e - 10 scrolls of remove curse
 j - 7 scrolls of teleportation
 p - 4 scrolls of magic mapping
 q - 6 scrolls of fear
 z - 2 scrolls of immolation
 F - a scroll of blinking
Potions
 f - 13 potions of curing
 g - 6 potions of brilliance
 h - 4 potions of agility
 i - 4 potions of ambrosia
 k - 2 potions of berserk rage {unknown}
 l - 4 potions of might
 m - 6 potions of flight
 n - 2 potions of magic {unknown}
 C - 2 potions of heal wounds
 D - 3 potions of lignification
 E - a potion of experience {unknown}
 G - 3 potions of cancellation
 H - 2 potions of resistance {unknown}
 I - 3 potions of mutation
 M - 2 potions of haste {unknown}
 R - a potion of invisibility {unknown}
Comestibles
 c - 33 rations


   Skills:
 + Level 12.2(11.1) Fighting
 * Level 15.1(13.9) Axes
 - Level 9.0(7.9) Armour
 - Level 2.0(1.1) Dodging
 * Level 11.7(10.6) Shields


You had 13 spell levels left.
You didn't know any spells.
Your spell library contained the following spells:

 Spells                   Type           Power        Failure   Level  Hunger
 Infusion                 Chrm           #...         100%        1    ##.....
 Sandblast                Erth           #.....       100%        1    ##.....
 Summon Small Mammal      Summ           #...         100%        1    ##.....
 Call Imp                 Summ           #.......     100%        2    ###....
 Passwall                 Tmut/Erth      #.......     100%        2    ###....
 Shroud of Golubria       Chrm/Tloc      #.........   100%        2    ###....
 Song of Slaying          Chrm           #.......     100%        2    ###....
 Call Canine Familiar     Summ           #.......     100%        3    ####...
 Regeneration             Chrm/Necr      #.........   100%        3    ####...
 Spectral Weapon          Hex/Chrm       #.......     100%        3    ####...
 Stone Arrow              Conj/Erth      #.....       100%        3    ####...
 Summon Guardian Golem    Hex/Summ       #.......     100%        3    ####...
 Ice Form                 Ice/Tmut       #.......     100%        4    #####..
 Petrify                  Tmut/Erth      #.......     100%        4    #####..
 Summon Ice Beast         Ice/Summ       #.......     100%        4    #####..
 Summon Lightning Spire   Summ/Air       #.......     100%        4    #####..
 Lee's Rapid Deconstruct  Erth           #.........   100%        5    ######.
 Metabolic Englaciation   Hex/Ice        #.........   100%        5    ######.
 Bolt of Cold             Conj/Ice       #.........   100%        6    #######
 Freezing Cloud           Conj/Ice/Air   #.........   100%        6    #######
 Ozocubu's Refrigeration  Ice            #.........   100%        6    #######
 Simulacrum               Ice/Necr       #.........   100%        6    #######


Dungeon Overview and Level Annotations

Branches:
Dungeon (13/15)            Temple (0/1) D:7            Lair (6/6) D:10
 Spider (0/4) Lair:4        Slime (0/5) Lair:6          Orc (2/2) D:10
    Elf (0/3) Orc:2
  Swamp: Lair:2-4    Shoals: Lair:2-4    Vaults: D:13-14

Altars:
Ashenzari
Cheibriados
Fedhas
Gozag
Kikubaaqudgha
Makhleb
Xom
Yredelemnul
The Shining One
Beogh
Jiyva

Shops:
D:4 *   D:6 (([(?   Orc:2 }

Annotations:
Lair:4 2 exclusions


Innate Abilities, Weirdness & Mutations

You have a pair of large antennae on your head. (SInv)
You are mostly covered in thin metallic scales. (AC +3)
You are significantly more attuned to the shadows.
You are mostly covered in sharp spines.


Message History

You feel sick.
The orc knight roars a battlecry!
The orc priest barely misses you.
You hear a shout!
All of the chunks of flesh in your inventory have rotted away.
Things that are here:
a +0 war axe; a +0 chain mail; an orc corpse You feel sick.
Items here: ))))) [[ ††††
Things that are here:
a +0 scimitar; a +0 chain mail; an orc corpse You feel sick.
The smoke demon gestures at you. Something smites you!
* * * LOW HITPOINT WARNING * * *
The orc sorcerer gestures at you while chanting.
The bolt of negative energy hits the sun demon.
The sun demon completely resists.
The bolt of negative energy hits you!
You feel drained.
You die...

##....... ##.....#.
#......## ## ###
##.......# ...##.###.##
#.........
....#...#...#####.......
.......#...#..#.#.#.....
.......................
.....))3@.........#...$
#...))#..####...........
#...))#### #..#.#......
#8.o48# #...#......#
#..3o)# #...........
#..)oo# ..... .....#
....).....# ...........
.........## #..........
.....o..... ...........


You could see a sun demon and an orc sorcerer.

Vanquished Creatures
  A frost giant (IceCv)
  An orc warlord (Orc:2)
  Snorg (Lair:5)
  Josephine (D:10)
  An ice dragon (Lair:6)
  A hydra (Lair:1)
  A catoblepas (Lair:6)
  A centaur warrior (D:12)
  3 two-headed ogres
  9 death yaks
  Urug (D:10)
  An orc high priest (Orc:2)
  The ghost of Aske the Cutter, a novice GrBe of Trog (D:7)
  Nergalle (D:12)
  An unseen horror (D:11)
  An unseen horror (shapeshifter) (D:12)
  2 orc knights
  Pikel (D:9)
  A lindwurm (Lair:6)
  2 ugly things (D:11)
  An orc sorcerer (Orc:2)
  Maurice (D:8)
  7 black mambas
  3 torpor snails (Lair:6)
  12 spiny frogs
  3 komodo dragons
  Psyche (D:8)
  A rime drake (Lair:2)
  2 ice devils (Lair:2)
  2 trolls
  11 polar bears (IceCv)
  A tyrant leech (Lair:6)
  4 hornets (Lair:6)
  Prince Ribbit (Lair:2)
  A bog body (Lair:4)
  23 blink frogs
  A hippogriff (Lair:3)
  2 redbacks (Lair:4)
  38 yaks
  6 wraiths (D:10)
  4 humans (D:6)
  4 hungry ghosts
  3 basilisks (Lair:3)
  Grum (D:8)
  3 vampire mosquitoes (D:12)
  5 wargs
  Edmund (D:6)
  4 porcupines
  6 water moccasins
  Duvessa (D:6)
  A hornet zombie (D:8)
  2 ice beasts
  21 orc warriors
  A sky beast (D:10)
  3 slaves (D:9)
  A black bear (D:10)
  A necrophage (D:7)
  4 phantoms
  5 ogres
  2 centaurs
  19 wolves
  12 crocodiles
  7 big kobolds
  9 bullfrogs
  Dowan (D:6)
  A water moccasin zombie (D:6)
  A scorpion (D:5)
  A wight (D:10)
  The ghost of Aske the Cutter, a weakling HaBe of Trog (D:3)
  8 howler monkeys
  4 centaur zombies
  5 crimson imps
  A bullfrog zombie (D:12)
  9 hounds
  10 orc priests
  6 jellies
  17 orc wizards
  A human zombie (Ossuary)
  2 centaur skeletons
  3 iguanas
  4 hell rats (Lair:4)
  4 worker ants
  A big kobold zombie (Ossuary)
  3 hound zombies
  A hound skeleton (D:7)
  3 mummies (Ossuary)
  A howler monkey zombie (D:8)
  3 worker ant zombies
  3 gnolls (D:8)
  7 adders
  A river rat (Sewer)
  2 shadow imps (D:7)
  5 oozes (Sewer)
  3 adder skeletons
  9 worms
  4 dart slugs
  6 leopard geckos
  54 orcs
  4 giant cockroaches
  10 goblins
  4 hobgoblins
  18 jackals
  7 kobolds
  2 quokkas
  7 ball pythons
  4 bats
  3 frilled lizards
  2 goblin zombies (Ossuary)
  A hobgoblin zombie (Ossuary)
  An orc zombie (Ossuary)
  A quokka simulacrum (D:7)
  14 rats
  2 fungi
  2 plants
540 creatures vanquished.

Vanquished Creatures (collateral kills)
  3 hydras
  A death yak (IceCv)
  2 slime creatures (D:12)
  A komodo dragon (Lair:6)
  A polar bear (IceCv)
  A blink frog (Lair:3)
  3 yaks (Lair:6)
  A porcupine (Lair:3)
13 creatures vanquished.

Vanquished Creatures (others)
  A polar bear (IceCv)
  A fungus (Lair:3)
  5 plants
7 creatures vanquished.

Grand Total: 560 creatures vanquished

Notes
Turn   | Place    | Note
-------+----------+-------------------------------------------
     0 | D:1      | wilfster70 the Demonspawn Berserker began the quest for the
                  | Orb.
     0 | D:1      | Reached XP level 1. HP: 18/18 MP: 1/1
   222 | D:1      | Gained mutation: You are partially covered in thin metallic
                  | scales. (AC +2) [demonic ancestry]
   222 | D:1      | Reached XP level 2. HP: 24/24 MP: 2/2
   466 | D:1      | Reached skill level 3 in Axes
  1102 | D:2      | Reached ** piety under Trog
  1180 | D:2      | Gained mutation: You have a pair of small antennae on your
                  | head. [demonic ancestry]
  1180 | D:2      | Reached XP level 3. HP: 9/29 MP: 3/3
  1457 | D:2      | Noticed a centaur
  1470 | D:2      | Killed a centaur
  1470 | D:2      | Gained mutation: You have a pair of antennae on your head.
                  | [demonic ancestry]
  1470 | D:2      | Reached XP level 4. HP: 4/37 MP: 4/4
  1966 | D:2      | Reached skill level 4 in Axes
  2225 | D:2      | Gained mutation: You are partially covered in sharp spines.
                  | [demonic ancestry]
  2225 | D:2      | Reached XP level 5. HP: 24/42 MP: 5/5
  3073 | D:3      | Found a runed translucent gate.
  3073 | D:3      | Found a runed translucent gate.
  3074 | D:3      | Found a runed translucent gate.
  3075 | D:3      | Found an opulent altar of Gozag.
  3077 | D:3      | Noticed Aske's ghost (weakling HaBe)
  3106 | D:3      | Killed Aske's ghost
  3591 | D:4      | Found Kyenken's Assorted Antiques.
  3596 | D:4      | Reached XP level 6. HP: 48/48 MP: 6/6
  3709 | D:4      | Found a glowing drain.
  3726 | Sewer    | Entered a sewer
  3827 | Sewer    | Reached *** piety under Trog
  3827 | Sewer    | Reached skill level 5 in Axes
  4027 | Sewer    | Gained mutation: You are slightly more attuned to the
                  | shadows. [demonic ancestry]
  4027 | Sewer    | Reached XP level 7. HP: 50/55 MP: 7/7
  4118 | Sewer    | Reached skill level 5 in Fighting
  4173 | Sewer    | Reached skill level 6 in Axes
  4781 | D:5      | Entered Level 5 of the Dungeon
  4853 | D:5      | Found a blossoming altar of Fedhas.
  4983 | D:5      | Gained mutation: You have a pair of large antennae on your
                  | head. (SInv) [demonic ancestry]
  4983 | D:5      | Reached XP level 8. HP: 40/63 MP: 8/8
  5407 | D:6      | Reached skill level 7 in Axes
  5500 | D:6      | Found Hacas's Antique Weapon Boutique.
  5532 | D:6      | Reached skill level 5 in Armour
  5558 | D:6      | Reached skill level 8 in Axes
  5611 | D:6      | Noticed Edmund
  5615 | D:6      | Noticed Duvessa
  5617 | D:6      | Reached XP level 9. HP: 59/71 MP: 9/9
  5628 | D:6      | Killed Duvessa
  5628 | D:6      | Reached **** piety under Trog
  5635 | D:6      | Killed Edmund
  5637 | D:6      | Noticed Dowan
  5647 | D:6      | Found Sethrezetz's Antique Weapon Shop.
  5769 | D:6      | Found Ighu's Antique Weapon Emporium.
  5840 | D:6      | Killed Dowan
  5840 | D:6      | Paralysed by an orc wizard for 4 turns
  5924 | D:6      | Found Ybues's Armour Boutique.
  5930 | D:6      | Bought the cursed +0 shield of the Moon {rCorr} for 183
                  | gold pieces
  6102 | D:6      | Found an ancient bone altar of Kikubaaqudgha.
  6108 | D:6      | Found Leorgh's Magic Scroll Shoppe.
  6291 | D:7      | Found a sand-covered staircase.
  6299 | Ossuary  | Entered an ossuary
  6327 | Ossuary  | Reached skill level 1 in Shields
  6521 | D:7      | Found a staircase to the Ecumenical Temple.
  6629 | D:7      | Reached skill level 9 in Axes
  6887 | D:7      | Found a transporter.
  6918 | D:7      | Noticed Aske's ghost (novice GrBe)
  6925 | D:7      | Found a transporter.
  7000 | D:7      | Killed Aske's ghost
  7214 | D:7      | Gained mutation: You are mostly covered in sharp spines.
                  | [demonic ancestry]
  7214 | D:7      | Reached XP level 10. HP: 78/78 MP: 10/10
  7569 | D:8      | Noticed Grum
  7575 | D:8      | Received a gift from Trog
  7581 | D:8      | Killed Grum
  7684 | D:8      | Found a glowing golden altar of the Shining One.
  7688 | D:8      | Found a shimmering altar of Xom.
  7961 | D:8      | Noticed Maurice
  7990 | D:8      | Killed Maurice
  7990 | D:8      | Reached ***** piety under Trog
  7990 | D:8      | Reached skill level 10 in Axes
  8079 | D:8      | Found a snail-covered altar of Cheibriados.
  8080 | D:8      | Found a shattered altar of Ashenzari.
  8080 | D:8      | Found a burning altar of Makhleb.
  8081 | D:8      | Found a basalt altar of Yredelemnul.
  8195 | D:8      | Noticed Psyche
  8203 | D:8      | Killed Psyche
  8474 | D:9      | Noticed Pikel
  8485 | D:9      | Killed Pikel
  8521 | D:9      | Identified a scroll of acquirement
  8522 | D:9      | Found the +2 pair of boots of the Assassin {Detection Stab+
                  | Stlth++}
  8969 | D:10     | Entered Level 10 of the Dungeon
  8969 | D:10     | Found a staircase to the Lair.
  9174 | D:10     | Found a staircase to the Orcish Mines.
  9243 | D:10     | Noticed Josephine
  9253 | D:10     | Killed Josephine
  9257 | D:10     | Gained mutation: You are mostly covered in thin metallic
                  | scales. (AC +3) [demonic ancestry]
  9257 | D:10     | Reached XP level 11. HP: 81/86 MP: 11/11
  9400 | D:10     | Noticed Urug
  9433 | D:10     | Killed Urug
  9433 | D:10     | Reached skill level 11 in Axes
  9498 | D:10     | Got a smoking great mace
  9608 | D:10     | Received a gift from Trog
  9652 | D:10     | Reached skill level 5 in Shields
 10480 | D:11     | Noticed a two-headed ogre
 10489 | D:11     | Killed a two-headed ogre
 10656 | D:11     | Noticed an unseen horror
 10670 | D:11     | Killed an unseen horror
 10782 | D:11     | Noticed a brown ugly thing
 10797 | D:11     | Killed a brown ugly thing
 10874 | D:11     | Noticed a cyan ugly thing
 10888 | D:11     | Killed a cyan ugly thing
 11041 | D:11     | You fall through a shaft for 2 floors!
 11279 | D:12     | Identified the +11 great mace of Defilement {protect, rC+
                  | MP-9 Str+4} (You found it on level 10 of the Dungeon)
 11448 | D:12     | Noticed an unseen horror
 11461 | D:12     | Killed an unseen horror
 11478 | D:12     | Noticed a centaur warrior
 11491 | D:12     | Killed a centaur warrior
 11640 | D:12     | Reached skill level 12 in Axes
 11669 | D:12     | Noticed Nergalle
 11700 | D:12     | Killed Nergalle
 11700 | D:12     | Gained mutation: You are significantly more attuned to the
                  | shadows. [demonic ancestry]
 11700 | D:12     | Reached XP level 12. HP: 46/96 MP: 12/12
 11910 | D:12     | Noticed a two-headed ogre
 11920 | D:12     | Killed a two-headed ogre
 12197 | D:11     | Noticed a two-headed ogre
 12205 | D:11     | Killed a two-headed ogre
 12450 | Lair:1   | Entered Level 1 of the Lair of Beasts
 12585 | Lair:1   | Reached skill level 10 in Fighting
 12719 | Lair:1   | Noticed a seven-headed hydra
 12731 | Lair:1   | Killed a seven-headed hydra
 13072 | Lair:1   | Noticed a seven-headed hydra
 13079 | Lair:1   | Killed a ten-headed hydra
 13438 | Lair:2   | Found a frozen archway.
 13491 | IceCv    | Entered an ice cave
 13522 | IceCv    | Reached skill level 13 in Axes
 13733 | IceCv    | Noticed a death yak
 13734 | IceCv    | Noticed a death yak
 13753 | IceCv    | Killed a death yak
 13754 | IceCv    | Killed a death yak
 13845 | IceCv    | Reached XP level 13. HP: 103/103 MP: 13/13
 14018 | IceCv    | Noticed a frost giant
 14038 | IceCv    | Killed a frost giant
 14038 | IceCv    | Received a gift from Trog
 14739 | Lair:2   | Noticed Prince Ribbit
 14747 | Lair:2   | Killed Prince Ribbit
 15262 | Lair:3   | You fall through a shaft!
 15272 | Lair:4   | Reached skill level 14 in Axes
 15839 | Lair:4   | Found a hole to the Spider Nest.
 15937 | Lair:3   | Reached skill level 10 in Shields
 16739 | Lair:4   | Reached XP level 14. HP: 95/114 MP: 4/14
 16960 | Lair:5   | Received a gift from Trog
 17295 | Lair:5   | Noticed Snorg
 17312 | Lair:5   | Killed Snorg
 17805 | Lair:5   | Got a transparent cloak
 17816 | Lair:5   | Identified the cursed +0 cloak "Cinwei" {+Inv MR+} (You
                  | found it on level 5 of the Lair of Beasts)
 18206 | Lair:6   | Entered Level 6 of the Lair of Beasts
 18312 | Lair:6   | Found a runed translucent door.
 18600 | Lair:6   | Found a viscous altar of Jiyva.
 18600 | Lair:6   | Found a staircase to the Slime Pits.
 18812 | Orc:1    | Entered Level 1 of the Orcish Mines
 18845 | Orc:1    | Found a roughly hewn altar of Beogh.
 19127 | Orc:1    | Found a roughly hewn altar of Beogh.
 19274 | Orc:2    | Entered Level 2 of the Orcish Mines
 19287 | Orc:2    | Reached skill level 15 in Axes
 19336 | Orc:2    | Found Ceebb's Gadget Shop.
 19478 | Orc:2    | Found a staircase to the Elven Halls.
 19541 | Orc:2    | Noticed an orc warlord
 19562 | Orc:2    | Killed an orc warlord
 19577 | Orc:2    | Found a roughly hewn altar of Beogh.
 19586 | Orc:2    | HP: 3/115 [smoke demon/divine providence[an orc sorcerer]
                  | (13)]
 19587 | Orc:2    | Killed from afar by an orc sorcerer

Skill      XL: |  1  2  3  4  5  6  7  8  9 10 11 12 13 14 |
---------------+-------------------------------------------+-----
Armour         | 2 3 4 5 6 7 8 9 |  9.0
Dodging        | 2 |  2.0
Axes           | 3 4 5 6 8 9 10 12 13 14 15 | 15.1
Fighting       | 4 5 6 7 8 9 10 11 12 | 12.2
Shields        | 2 4 6 8 10 11 | 11.7

Action                   |  1- 3 |  4- 6 |  7- 9 | 10-12 | 13-15 || total
-------------------------+-------+-------+-------+-------+-------++-------
Melee: Hand axe          |    93 |   108 |       |       |       ||   201
       War axe           |       |    65 |   312 |   665 |    48 ||  1090
       Unarmed           |       |       |       |    13 |       ||    13
       Broad axe         |       |       |       |       |   473 ||   473
Invok: Berserk           |     1 |     1 |     4 |     9 |     4 ||    19
       Brothers in Arms  |       |       |       |     5 |     6 ||    11
       Trog's Hand       |       |       |       |       |     1 ||     1
Evoke: Wand              |       |       |       |     2 |       ||     2
  Use: Scroll            |       |     3 |     7 |    22 |    10 ||    42
       Potion            |       |       |     1 |       |     2 ||     3
 Stab: Distracted        |       |       |     1 |       |       ||     1
  Eat: Chunk             |     2 |    10 |    14 |    29 |    22 ||    77
       Ration            |       |       |       |     3 |     1 ||     4
Armor: Animal skin       |     6 |       |       |       |       ||     6
       Leather armour    |     9 |    23 |       |       |       ||    32
       Ring mail         |       |     8 |       |       |       ||     8
       Scale mail        |       |    20 |   101 |       |       ||   121
       Plate armour      |       |       |    38 |   381 |   270 ||   689
       Ice dragon scales |       |       |       |       |    14 ||    14
Dodge: Dodged            |    53 |   102 |   102 |   125 |   121 ||   503
Block: Shield            |       |       |    45 |   354 |   312 ||   711
